 Dungeon Crawl Stone Soup version 0.17-a0-1450-g7e755d1 (webtiles) character file.

144 Archteshnor the Slasher (level 5, -22/38 HPs)
             Began as a Human Gladiator on June 30, 2015.
             Killed from afar by a kobold (28 damage)
             ... with a wand of cold
             ... on level 3 of the Dungeon.
             The game lasted 00:07:08 (2467 turns).

Archteshnor the Slasher (Human Gladiator)           Turns: 2467, Time: 00:07:08

Health: -22/38     AC:  6    Str: 15    XL:     5   Next: 52%
Magic:  5/5        EV: 13    Int:  9    God:
Gold:   115        SH:  0    Dex: 14    Spells: 0 memorised, 4 levels left

rFire  + . .     SeeInvis .     a - +0 long sword
rCold  . . .     Clarity  +     b - +0 leather armour
rNeg   . . .     SustAt   .     (no shield)
rPois  .         Gourm    .     c - +1 helmet
rElec  .         Spirit   .     (no cloak)
rCorr  .         Warding  .     (no gloves)
rMut   .         Stasis   .     k - +0 pair of boots
MR     .....                    h - amulet of clarity
Stlth  +.........               (no ring)
                                j - ring of protection from fire

@: not resistant to hostile enchantments, very unstealthy
A: no striking features
a: no special abilities


You were on level 3 of the Dungeon.
You were very hungry.

You visited 1 branch of the dungeon, and saw 3 of its levels.

You collected 115 gold pieces.

Inventory:

Hand weapons
 a - a +0 long sword (weapon)
Missiles
 d - 3 throwing nets (quivered)
Armour
 b - a +0 leather armour (worn)
 c - a +1 helmet (worn)
 k - a +0 pair of boots (worn)
Jewellery
 h - an amulet of clarity (around neck)
 j - a ring of protection from fire (left hand)
Magical devices
 x - a wand of random effects (8)
Scrolls
 g - a scroll of teleportation
 l - a scroll of fog
Potions
 m - a potion of flight {unknown}
 p - a potion of magic {unknown}
 s - a potion of lignification {unknown}
 z - 2 potions of heal wounds
Comestibles
 e - 2 bread rations
 o - 2 meat rations
 q - a beef jerky
 w - 2 fruits


   Skills:
 - Level 2.0 Fighting
 + Level 5.8 Long Blades
 - Level 2.0 Throwing
 - Level 3.0 Dodging


You had 4 spell levels left.
You didn't know any spells.

Dungeon Overview and Level Annotations

Branches:
Dungeon (3/15)

Altars:
Xom


Message History

A kobold comes into view. It is wielding a short sword.
The kobold shouts!
The goblin shouts!
Found a stone staircase leading down.
The hobgoblin hits you with a club.
Found a club and 5 fruits.
You slash the hobgoblin!
You kill the hobgoblin!
You closely miss the goblin.
The kobold zaps a wand.
The bolt of cold hits you!
Ouch! That really hurt!
It is a wand of cold.
The goblin barely misses you.
You hit the goblin.
You kill the goblin!
The giant newt misses you.
You slash the giant newt!
You kill the giant newt!
The kobold zaps a wand.
The bolt of cold hits you!
* * * LOW HITPOINT WARNING * * *
The kobold zaps a wand.
The bolt of cold hits you!
Ouch! That really hurt!
You die...

### .#.#... ..> ...
....... .... #.# #.#.#)##
....#####.# ..# #.##
%.......#.# ... #...
........#.#####.###.###.
.................... #.
..............#.## #.
......†@.....[# #.
......)†......# #####.
)....K........+ #.....
..............#####.....
#..#..#....#.÷...........
#.....#.##.##.######.....
#.##. #. #.##.# #.....
#.##. .. .##.######....#
#.# #.#...>.....#


You could see a kobold.

Vanquished Creatures
  The ghost of flt the Firebug, a weakling DrFE of Sif Muna (D:3)
  6 adders
  An ooze (D:1)
  A worm (D:3)
  An orc (D:3)
  5 hobgoblins
  2 jackals (D:1)
  11 kobolds
  A quokka (D:2)
  4 bats
  4 giant newts
  4 goblins
  8 rats
49 creatures vanquished.

Notes
Turn   | Place    | Note
--------------------------------------------------------------
     0 | D:1      | Archteshnor the Human Gladiator began the quest for the Orb.
     0 | D:1      | Reached XP level 1. HP: 16/16 MP: 1/1
   234 | D:1      | Reached XP level 2. HP: 19/22 MP: 2/2
  1092 | D:2      | Reached skill level 4 in Long Blades
  1092 | D:2      | Reached XP level 3. HP: 27/27 MP: 3/3
  1651 | D:2      | Reached XP level 4. HP: 26/33 MP: 4/4
  1874 | D:3      | Reached skill level 5 in Long Blades
  1886 | D:3      | Found a shimmering altar of Xom.
  1915 | D:3      | Noticed flt's ghost (weakling DrFE)
  2047 | D:3      | Reached XP level 5. HP: 38/38 MP: 5/5
  2101 | D:3      | Noticed an orc warrior
  2195 | D:3      | Killed flt's ghost
  2467 | D:3      | Killed from afar by a kobold

Vault maps used:
D:1:      dpeg_arrival_windows_large_door, corner_web_ring
D:2:      first_bread
D:3:      xom_butterflies, uniq_iyjb

Action                   |  1- 3 |  4- 6 || total
-------------------------+-------+-------++-------
Melee: Long sword        |    98 |    73 ||   171
  Use: Scroll            |       |     9 ||     9
       Potion            |       |     1 ||     1
 Stab: Sleeping          |     1 |     1 ||     2
  Eat: Chunk             |     2 |     2 ||     4
